 Dungeon Crawl Stone Soup version 0.20.0-15-g7f486f2 (webtiles) character file.

11913 Megalobster the Destroyer (level 11, -8/64 HPs)
             Began as a Deep Elf Conjurer on June 16, 2017.
             Was an Elder of Vehumet.
             Mangled by a two-headed ogre
             ... wielding a +0 dire flail
              (18 damage)
             ... on level 10 of the Dungeon.
             The game lasted 00:57:20 (15795 turns).

Megalobster the Destroyer (Deep Elf Conjurer)      Turns: 15795, Time: 00:57:22

Health: -8/64      AC: 10    Str:  5    XL:     11   Next: 55%
Magic:  12/27      EV: 16    Int: 24    God:    Vehumet [****..]
Gold:   644        SH:  0    Dex: 15    Spells: 9/30 levels left

rFire    + + .     SeeInvis .   n - +12 morningstar "Qusiy" {crush, +Fly rF++ rN+}
rCold    . . .     Gourm    +   (no shield)
rNeg     + . .     Faith    .   a - +0 robe
rPois    .         Spirit   .   m - +2 helmet
rElec    .         Reflect  .   r - +2 cloak
rCorr    .         Harm     .   z - +0 pair of gloves
MR       +....                  o - +0 pair of boots
Stlth    ++........             y - amulet of the gourmand
Regen    0.2/turn               (no ring)
MPRegen  0.2/turn               (no ring)

@: no status effects
A: no striking features
a: Renounce Religion, Evoke Flight


You were on level 10 of the Dungeon.
You worshipped Vehumet.
Vehumet was greatly pleased with you.
You were completely stuffed.

You visited 2 branches of the dungeon, and saw 11 of its levels.

You collected 644 gold pieces.

Inventory:

Hand Weapons
 g - a +0 dagger
 n - the +12 morningstar "Qusiy" (weapon) {crush, +Fly rF++ rN+}
   (You found it on level 10 of the Dungeon)

   It inflicts extra damage upon your enemies.
   It greatly protects you from fire.
   It protects you from negative energy.
   It lets you fly.
 D - a +1 dagger of flaming
 E - a +1 rapier of protection
 G - a cursed -1 hunting sling
 Q - a +3 dagger
 S - a +2 dagger of venom
Missiles
 i - 244 stones (quivered)
 x - 25 poisoned needles
 M - 90 sling bullets
 T - 6 needles of confusion
Armour
 a - a +0 robe (worn)
 m - a +2 helmet (worn)
 o - a +0 pair of boots (worn)
 r - a +2 cloak (worn)
 t - +0 steam dragon scales
 z - a +0 pair of gloves (worn)
 R - a +1 scale mail of positive energy
Magical Staves
 V - an uncursed staff of air
Jewellery
 y - an amulet of the gourmand (around neck)
 J - an uncursed amulet of harm {unknown}
 O - an uncursed amulet of faith {unknown}
Wands
 L - a wand of flame (31/48)
 Y - a wand of lightning (6/15)
 Z - a wand of polymorph (9/24)
Scrolls
 d - a scroll of noise {unknown}
 k - 6 scrolls of magic mapping
 l - 2 scrolls of random uselessness {unknown}
 w - 4 scrolls of teleportation
 H - 2 scrolls of recharging {unknown}
 I - 4 scrolls of remove curse
 K - 3 scrolls of silence {unknown}
 N - a scroll of amnesia {unknown}
Potions
 e - 2 potions of agility
 h - 2 potions of ambrosia
 j - 3 potions of brilliance
 p - 3 potions of degeneration {unknown}
 u - 3 potions of curing {unknown}
 v - a potion of invisibility {unknown}
 B - 3 potions of flight
 C - 2 potions of mutation {unknown}
 F - 3 potions of might
 P - 2 potions of heal wounds {unknown}
 U - a potion of haste {unknown}
Books
 b - a book of Conjurations

   Spells                             Type                      Level
   a - Magic Dart                     Conjuration                  1
   b - Searing Ray                    Conjuration                  2
   c - Dazzling Spray                 Conjuration/Hexes            3
   d - Fulminant Prism                Conjuration/Hexes            4
   e - Force Lance                    Conjuration/Translocation    4
   f - Iskenderun's Mystic Blast      Conjuration                  4
 X - a book of Geomancy

   Spells                             Type                      Level
   a - Sandblast                      Earth                        1
   b - Passwall                       Transmutation/Earth          2
   c - Stone Arrow                    Conjuration/Earth            3
   d - Petrify                        Transmutation/Earth          4
   e - Lee's Rapid Deconstruction     Earth                        5
Miscellaneous
 W - a lamp of fire
Comestibles
 c - 13 bread rations
 f - 9 royal jellies
 s - 5 meat rations
 A - 2 fruits


   Skills:
 + Level 5.7 Fighting
 + Level 6.6 Dodging
 + Level 3.6 Stealth
 + Level 10.0 Spellcasting
 * Level 11.9 Conjurations
 - Level 6.2 Hexes
 - Level 4.5 Translocations
 * Level 7.6 Fire Magic
 + Level 2.8 Ice Magic
 + Level 1.9 Evocations


You had 9 spell levels left.
You knew the following spells:

 Your Spells              Type           Power        Failure   Level  Hunger
a - Magic Dart            Conj           ####         1%          1    None
b - Searing Ray           Conj           ######       1%          2    None
c - Iskenderun's Mystic   Conj           ######..     1%          4    #......
d - Fulminant Prism       Conj/Hex       ######....   1%          4    #......
e - Force Lance           Conj/Tloc      ######..     1%          4    #......
f - Throw Flame           Conj/Fire      ######       1%          2    None
g - Throw Icicle          Conj/Ice       #####...     1%          4    #......


Dungeon Overview and Level Annotations

Branches:
Dungeon (10/15)            Temple (1/1) D:5
   Lair: D:8-11         Orc: D:9-12

Altars:
Ashenzari
Cheibriados
Dithmenos
Elyvilon
Fedhas
Gozag
Hepliaklqana
Kikubaaqudgha
Makhleb
Nemelex Xobeh
Okawaru
Qazlal
Ru
Sif Muna
Trog
Uskayaw
Vehumet
Xom
Yredelemnul
Zin
The Shining One

Shops:
D:4 :

Annotations:
D:10 mcbry's ghost, novice TrBe


Message History

Confirm with . or Enter, or press ? or * to list all spells.
Aiming: Iskenderun's Mystic Blast
Press: ? - help, Shift-Dir - straight line The orb of energy hits the two-headed ogre.
The two-headed ogre is almost dead.
The orb of energy explodes!
The two-headed ogre closely misses you.
The two-headed ogre hits you with a giant club!!
A bullfrog comes into view.
Casting: Iskenderun's Mystic Blast
Confirm with . or Enter, or press ? or * to list all spells.
Aiming: Throw Flame
Press: ? - help, Shift-Dir - straight line, f - two-headed ogre
Aim: a two-headed ogre, wielding a dire flail and a giant club (almost dead)
The puff of flame hits the two-headed ogre.
The two-headed ogre is almost dead.
The bullfrog misses you.
The two-headed ogre hits you with a dire flail!!
* * * LOW HITPOINT WARNING * * *
The two-headed ogre hits you with a giant club!!
You die...

######## #
#......######
#.#.####......# #...
#.####.# .....###.#
#.# .......#O# #.#
#F@.# #.# #######
##W#.# #.# #......
...####.####.#####
..............#
#.####.######.######
#. #.............#
#. #..#####.####.# .
#..# #># #.# #..#
#.####..


You could see a two-headed ogre, a wraith and a bullfrog.

Vanquished Creatures
  Josephine (D:10)
  2 two-headed ogres
  Pikel (D:7)
  A troll (D:9)
  Grinder (D:5)
  2 hornets
  Prince Ribbit (D:7)
  3 hippogriffs
  Sigmund (D:6)
  3 hogs (D:8)
  A human (D:8)
  8 yaks
  Eustachio (D:6)
  A hungry ghost (D:8)
  A steam dragon (D:10)
  A water moccasin (D:9)
  Duvessa (D:6)
  3 sky beasts
  2 orc warriors
  An ice beast (D:6)
  An eye of draining (D:9)
  4 phantoms
  A slave (D:7)
  7 ogres
  5 centaurs
  5 bullfrogs
  A gnoll sergeant (D:10)
  Dowan (D:6)
  3 scorpions
  16 killer bees
  5 wights (D:7)
  A howler monkey (D:5)
  A centaur zombie (D:9)
  4 crimson imps
  4 bullfrog zombies
  7 hounds
  Crazy Yiuf (D:2)
  A centaur skeleton (D:6)
  4 orc priests
  2 bullfrog skeletons (D:10)
  A jelly (D:8)
  12 orc wizards
  Jessica (D:2)
  4 iguanas
  10 worker ants
  A killer bee zombie (D:10)
  2 hound skeletons (D:7)
  16 gnolls
  13 adders
  A shadow imp (D:6)
  2 oozes
  2 adder skeletons
  4 dart slugs
  3 leopard geckos
  58 orcs
  6 bats
  3 giant cockroaches
  9 hobgoblins
  9 jackals
  8 kobolds
  7 quokkas
  10 ball pythons (D:3)
  2 frilled lizards
  6 goblins
  A leopard gecko skeleton (D:6)
  A leopard gecko zombie (D:9)
  A quokka skeleton (D:4)
  11 rats
314 creatures vanquished.

Vanquished Creatures (others)
  31 fulminant prisms
31 creatures vanquished.

Grand Total: 345 creatures vanquished

Notes
Turn   | Place    | Note
-------+----------+-------------------------------------------
     0 | D:1      | Megalobster the Deep Elf Conjurer began the quest for the Orb.
     0 | D:1      | Reached XP level 1. HP: 10/10 MP: 6/6
   311 | D:1      | Reached XP level 2. HP: 15/15 MP: 4/8
   315 | D:1      | Learned a level 2 spell: Searing Ray
   495 | D:1      | Reached skill level 5 in Conjurations
   943 | D:2      | Reached XP level 3. HP: 19/19 MP: 6/10
  1268 | D:2      | Reached XP level 4. HP: 24/24 MP: 10/12
  1275 | D:2      | Learned a level 4 spell: Iskenderun's Mystic Blast
  1280 | D:2      | Learned a level 4 spell: Fulminant Prism
  1457 | D:2      | Found a runed door.
  1489 | D:2      | Noticed Crazy Yiuf
  1493 | D:2      | Killed Crazy Yiuf
  1493 | D:2      | Reached skill level 1 in Hexes
  1661 | D:2      | Reached skill level 6 in Conjurations
  2173 | D:2      | Reached XP level 5. HP: 28/28 MP: 11/13
  2206 | D:2      | Noticed Jessica
  2209 | D:2      | Killed Jessica
  2708 | D:3      | Found a radiant altar of Vehumet.
  2740 | D:3      | Became a worshipper of Vehumet
  2761 | D:3      | Reached skill level 5 in Spellcasting
  3278 | D:3      | Reached XP level 6. HP: 28/32 MP: 4/15
  3363 | D:3      | Learned a level 4 spell: Force Lance
  3747 | D:3      | Found an iron altar of Okawaru.
  3747 | D:3      | Found a hazy altar of Hepliaklqana.
  3748 | D:3      | Found a basalt altar of Yredelemnul.
  4038 | D:4      | Found Boxu's Book Boutique.
  4134 | D:4      | Reached skill level 7 in Conjurations
  4329 | D:4      | Reached * piety under Vehumet
  4329 | D:4      | Offered knowledge of Shock by Vehumet.
  4379 | D:4      | Reached skill level 1 in Translocations
  4625 | D:4      | Reached skill level 1 in Fighting
  4723 | D:4      | Reached XP level 7. HP: 38/38 MP: 12/17
  5549 | D:4      | Found a sparkling altar of Nemelex Xobeh.
  5549 | D:4      | Found a snail-covered altar of Cheibriados.
  5580 | D:5      | Entered Level 5 of the Dungeon
  5843 | D:5      | Reached skill level 8 in Conjurations
  5933 | D:5      | Found a staircase to the Ecumenical Temple.
  6071 | D:5      | Reached XP level 8. HP: 44/44 MP: 14/19
  6182 | D:5      | Noticed a two-headed ogre
  6248 | D:5      | Found a white marble altar of Elyvilon.
  6291 | D:5      | Noticed Grinder
  6322 | D:5      | Killed Grinder
  6451 | D:5      | Found a burning altar of Makhleb.
  6645 | D:5      | Reached skill level 5 in Hexes
  6656 | D:5      | Killed a two-headed ogre
  6656 | D:5      | Reached skill level 9 in Conjurations
  6656 | D:5      | Reached XP level 9. HP: 42/51 MP: 0/22
  7060 | D:5      | Found a glowing golden altar of the Shining One.
  7449 | D:6      | Offered knowledge of Throw Flame by Vehumet.
  7456 | D:5      | Learned a level 2 spell: Throw Flame
  7554 | D:6      | Noticed Eustachio
  7555 | D:6      | Noticed Sigmund
  7561 | D:6      | Killed Sigmund
  7561 | D:6      | Reached skill level 1 in Fire Magic
  7695 | D:6      | Killed Eustachio
  7695 | D:6      | Reached ** piety under Vehumet
  8213 | D:6      | Noticed Duvessa
  8214 | D:6      | Noticed Dowan
  8221 | D:6      | Killed Duvessa
  8528 | D:6      | Killed Dowan
  8536 | D:6      | Reached skill level 10 in Conjurations
  8932 | Temple   | Entered the Ecumenical Temple
  9679 | D:7      | Noticed Prince Ribbit
  9688 | D:7      | Killed Prince Ribbit
  9920 | D:7      | Reached XP level 10. HP: 52/56 MP: 12/24
 10508 | D:7      | Offered knowledge of Inner Flame by Vehumet.
 10785 | D:7      | Noticed Pikel
 10793 | D:7      | Killed Pikel
 10793 | D:7      | Reached skill level 5 in Fire Magic
 11128 | D:8      | Found a sacrificial altar of Ru.
 11265 | D:8      | Reached *** piety under Vehumet
 11428 | D:8      | Reached skill level 5 in Dodging
 11492 | D:8      | Reached skill level 11 in Conjurations
 11754 | D:8      | Offered knowledge of Throw Icicle by Vehumet.
 12010 | D:8      | Learned a level 4 spell: Throw Icicle
 12173 | D:9      | Found a hide-covered altar of Uskayaw.
 12229 | D:9      | Reached skill level 5 in Fighting
 12612 | D:9      | Reached skill level 1 in Ice Magic
 12850 | D:9      | Reached **** piety under Vehumet
 13299 | D:9      | Reached XP level 11. HP: 63/63 MP: 24/26
 13613 | D:9      | Offered knowledge of Iskenderun's Battlesphere by Vehumet.
 13942 | D:10     | Entered Level 10 of the Dungeon
 13948 | D:10     | Got a twisted morningstar
 14262 | D:10     | Identified the +12 morningstar "Qusiy" {crush, +Fly rF++ rN+} (You found it on level 10 of the Dungeon)
 14273 | D:10     | Noticed mcbry's ghost (novice TrBe)
 14753 | D:10     | Noticed a two-headed ogre
 14757 | D:10     | Killed a two-headed ogre
 14883 | D:9      | Reached skill level 10 in Spellcasting
 15425 | D:10     | Reached skill level 1 in Evocations
 15521 | D:10     | Noticed Josephine
 15542 | D:10     | Killed Josephine
 15790 | D:10     | Noticed a two-headed ogre
 15795 | D:10     | Mangled by a two-headed ogre

Skill      XL: |  1  2  3  4  5  6  7  8  9 10 11 |
---------------+----------------------------------+-----
Conjurations   | 5 6 7 8 9 10 11 | 11.9
Spellcasting   | 4 5 6 7 8 9 10 | 10.0
Hexes          | 1 2 3 4 5 6 |  6.2
Translocations | 1 2 4 |  4.5
Fighting       | 1 2 3 4 5 |  5.7
Fire Magic     | 4 6 7 |  7.6
Dodging        | 4 5 6 |  6.6
Ice Magic      | 1 2 |  2.8
Stealth        | 3 |  3.6
Evocations     | 1 |  1.9

Action                   |  1- 3 |  4- 6 |  7- 9 | 10-12 || total
-------------------------+-------+-------+-------+-------++-------
Melee: Dagger            |     3 |     1 |     2 |       ||     6
 Cast: Magic Dart        |    52 |    82 |    53 |    20 ||   207
       Searing Ray       |     3 |    18 |    28 |    31 ||    80
       Iskenderun's Myst |       |    12 |    41 |    32 ||    85
       Fulminant Prism   |       |     3 |     9 |    19 ||    31
       Force Lance       |       |     2 |    12 |    23 ||    37
       Throw Flame       |       |       |    13 |   121 ||   134
       Throw Icicle      |       |       |       |    24 ||    24
  Use: Scroll            |       |     4 |     3 |     6 ||    13
  Eat: Chunk             |     1 |    20 |    20 |    23 ||    64
       Bread ration      |       |     1 |       |       ||     1
Armor: Robe              |     2 |     9 |    14 |    22 ||    47
Dodge: Dodged            |     5 |    10 |    27 |    44 ||    86
